AoeStats
← LAHEY

Arena

506920960Analyzed
3v3 RM · 18d ago on Sep 15, 2026· 70m 45s· 6 players
Game mode
Random Map
Map size
Normal (6 player)
Population
200
Speed
Normal
Resources
Standard
Victory
Conquest
Starting age
Dark Age
Ending age
Imperial Age
RankedLock teamsTeams togetherTeam positionsShared explorationLock speedFull tech treeHidden civsTurbo modeCheats
Victory
Defeat
🇺🇸 Japanese · United States
823
+13
🇺🇸 Teutons · United States
816
+13
🇩🇪 Burgundians · Germany
763
+15
🇪🇸 Burmese · Spain
816
-16
🇪🇸 Ethiopians · Spain
766
-14
🇪🇸 Mongols · Spain
677
-11
theTipsyAviator
10:45 Feudal Age
9:03 Loom
11:53 Double-Bit Axe
11:51 Horse Collar
12:08 Stone Mining
12:10 Gold Mining
16:43 Man-at-Arms
19:24 Wheelbarrow
19:48 Forging
19:39 Scale Mail Armor
24:22 Castle Age
22:19 Fletching
24:53 Padded Archer Armor
24:43 Light Cavalry
25:24 Husbandry
25:35 Bloodlines
31:53 Imperial Age
30:41 Thumb Ring
33:08 Conscription
35:49 Pikeman
38:44 Hand Cart
38:37 Crossbowman
39:42 Ballistics
39:18 Murder Holes
40:26 Chemistry
39:24 Bodkin Arrow
40:32 Bow Saw
41:02 Capped Ram
42:33 Bracer
43:08 Iron Casting
42:49 Leather Archer Armor
42:50 Chain Mail Armor
42:59 Arson
43:00 Gambesons
43:16 Squires
44:01 Guard Tower
43:56 Arrowslits
44:18 Siege Engineers
44:50 Devotion
44:51 Elite Samurai
45:53 Kataparuto
48:14 Keep
47:54 Masonry
47:55 Fortified Wall
49:45 Blast Furnace
49:15 Plate Mail Armor
49:16 Ring Archer Armor
48:12 Arbalester
50:23 Two-Man Saw
49:30 Heavy Plow
49:19 Town Watch
50:15 Gold Shaft Mining
50:40 Treadmill Crane
51:05 Town Patrol
51:21 Scale Barding Armor
51:22 Yasama
52:34 Long Swordsman
53:27 Two-Handed Swordsman
57:19 Elite Skirmisher
66:36 Hoardings
66:12 Caravan
Com. Parlo Khrut
7:29 Horse Collar
8:34 Double-Bit Axe
10:44 Wheelbarrow
13:47 Feudal Age
14:56 Hand Cart
14:44 Heavy Plow
15:36 Bow Saw
23:02 Castle Age
21:44 Gold Mining
21:45 Stone Mining
25:30 Crop Rotation
26:01 Two-Man Saw
25:23 Forging
25:18 Scale Barding Armor
26:17 Gold Shaft Mining
26:17 Stone Shaft Mining
25:55 Husbandry
25:15 Cavalier
29:59 Iron Casting
30:58 Chain Barding Armor
32:41 Caravan
34:32 Treadmill Crane
38:22 Imperial Age
Cdubs33
0:44 Loom
11:58 Feudal Age
12:27 Double-Bit Axe
12:23 Horse Collar
16:55 Town Watch
19:36 Castle Age
19:30 Stone Mining
19:33 Gold Mining
20:47 Bow Saw
20:38 Heavy Plow
20:42 Caravan
22:29 Squires
22:14 Arson
22:55 Gambesons
24:21 Wheelbarrow
25:53 Fletching
26:13 Elite Skirmisher
33:38 Devotion
35:15 Pikeman
36:55 Hand Cart
37:03 Forging
39:52 Iron Casting
39:18 Scale Mail Armor
39:14 Bodkin Arrow
39:19 Padded Archer Armor
43:19 Imperial Age
44:53 Elite Teutonic Knight
48:55 Two-Man Saw
48:26 Crop Rotation
49:09 Conscription
49:10 Ironclad
51:21 Town Patrol
55:07 Chemistry
54:28 Ballistics
54:14 Siege Engineers
58:29 Chain Mail Armor
58:30 Leather Archer Armor
59:16 Blast Furnace
58:32 Bloodlines
57:43 Cavalier
60:00 Crenellations
61:33 Fortified Wall
61:34 Masonry
66:37 Plate Mail Armor
66:38 Ring Archer Armor
66:13 Scale Barding Armor
65:36 Paladin
68:21 Halberdier
70:47 Chain Barding Armor
Klumso Bizum
12:52 Feudal Age
14:07 Double-Bit Axe
14:04 Horse Collar
20:05 Castle Age
18:11 Stone Mining
21:52 Bow Saw
21:44 Heavy Plow
23:33 Stone Shaft Mining
25:17 Scale Mail Armor
25:27 Forging
31:25 Iron Casting
31:06 Chain Mail Armor
34:30 Royal Heirs
34:55 Gold Mining
35:29 Squires
35:16 Arson
47:12 Imperial Age
49:13 Two-Man Saw
47:41 Elite Shotel Warrior
48:50 Conscription
51:17 Plate Mail Armor
51:48 Blast Furnace
62:38 Wheelbarrow
63:22 Padded Archer Armor
63:13 Fletching
63:31 Crossbowman
66:36 Arbalester
LAHEY
16:49 Feudal Age
17:18 Double-Bit Axe
17:22 Horse Collar
22:10 Gold Mining
24:04 Wheelbarrow
24:23 Forging
24:22 Scale Mail Armor
30:21 Castle Age
29:59 Bloodlines
30:00 Scale Barding Armor
32:31 Gold Shaft Mining
32:21 Husbandry
33:47 Light Cavalry
36:32 Ballistics
36:08 Pikeman
36:51 Squires
38:19 Hand Cart
38:21 Bow Saw
38:14 Heavy Plow
40:05 Stone Mining
40:29 Fletching
47:33 Nomads
50:18 Imperial Age
49:01 Arson
53:23 Chemistry
53:07 Elite Mangudai
55:25 Chain Barding Armor
55:10 Padded Archer Armor
55:43 Town Watch
59:40 Bodkin Arrow
61:16 Fortified Wall
61:20 Masonry
61:27 Siege Engineers
66:44 Hussar
70:22 Leather Archer Armor
Doctor Inspiratus
4:34 Loom
10:42 Feudal Age
16:01 Castle Age
14:08 Horse Collar
15:25 Gold Mining
16:52 Loom
19:01 Fervor
19:17 Sanctity
20:36 Redemption
22:08 Wheelbarrow
23:43 Hand Cart
36:13 Heavy Plow
36:17 Scale Mail Armor
37:15 Pikeman
37:41 Gambesons
37:57 Squires
37:47 Arson
42:40 Imperial Age
42:09 Gold Shaft Mining
41:25 Stone Mining
42:25 Forging
42:30 Chain Mail Armor
42:22 Town Watch
44:07 Town Patrol
45:58 Iron Casting
45:53 Plate Mail Armor
46:10 Plate Mail Armor
45:17 Halberdier
50:03 Blast Furnace
50:28 Town Patrol
61:36 Scale Barding Armor
61:56 Conscription
61:54 Light Cavalry
64:00 Bloodlines
63:51 Husbandry
64:38 Crop Rotation
64:17 Hussar
Connection lost

Rejoining the realm…

Still unreachable

The connection could not be restored.

Session expired

The server has moved on; the page needs a fresh start.